 Dungeon Crawl Stone Soup version 0.27-a0-40-g5f2be0e231 (webtiles) character file.

Game seed: 12185429098131129707

49 mkm the Digger (level 3, -1/19 HPs)
             Began as a Gargoyle Earth Elementalist on Jan 6, 2021.
             Was an Initiate of Vehumet.
             Killed from afar by Sigmund (12 damage)
             ... with a puff of flame
             ... on level 2 of the Dungeon.
             The game lasted 00:06:25 (1761 turns).

mkm the Digger (Gargoyle Earth Elementalist)        Turns: 1761, Time: 00:06:25

Health: -1/19      AC:  5    Str: 11    XL:     3   Next: 77%
Magic:  6/6        EV: 12    Int: 16    God:    Vehumet [......]
Gold:   51         SH:  0    Dex: 10    Spells: 3/7 levels left

rFire    . . .     SeeInvis .   d - +0 short sword
rCold    . . .     Faith    .   (no shield)
rNeg     + . .     Spirit   .   c - +0 robe
rPois    ∞         Reflect  .   (no helmet)
rElec    +         Harm     .   (no cloak)
rCorr    .         Rampage  .   (no gloves)
Will     .....                  (no boots)
Stlth    +.........             (no amulet)
HPRegen  0.06/turn              (no ring)
MPRegen  0.10/turn              (no ring)

@: confused
A: negative energy resistance 1, electricity resistance, unbreathing,
petrification resistance, miasma immunity, AC +3
a: Renounce Religion


You were on level 2 of the Dungeon.
You worshipped Vehumet.
Vehumet was noncommittal.
You visited 1 branch of the dungeon, and saw 2 of its levels.

You collected 51 gold pieces.

Inventory:

Hand Weapons
 d - a +0 short sword (weapon)
Missiles
 b - 47 stones (quivered)
Armour
 c - a +0 robe (worn)
 k - a +0 leather armour
Scrolls
 a - 4 scrolls of identify {unknown}
 e - 2 scrolls of teleportation {unknown}
 f - a scroll of amnesia {unknown}
 g - a scroll of fog {unknown}
Potions
 h - a potion of ambrosia {unknown}
 i - a potion of attraction {unknown}
 j - a potion of might {unknown}


   Skills:
 - Level 1.5 Dodging
 - Level 2.1 Stealth
 + Level 2.6 Spellcasting
 + Level 0.4 Conjurations
 + Level 1.6 Transmutations
 + Level 4.3 Earth Magic


You had 3 spell levels left.
You knew the following spells:

 Your Spells              Type           Power        Failure   Level
a - Sandblast             Erth           32%          3%          1
b - Stone Arrow           Conj/Erth      18%          22%         3

Your spell library contained the following spells:

 Spells                   Type           Power        Failure   Level
 Passwall                 Tmut/Erth      9%           9%          2
 Petrify                  Tmut/Erth      11%          50%         4
 Lee's Rapid Deconstruct  Erth           8%           65%         5


Dungeon Overview and Level Annotations

Branches:
Dungeon (2/15)

Altars:
Vehumet

Annotations:
D:2 Sigmund


Innate Abilities, Weirdness & Mutations

You are resistant to torment.
Your stone body is resilient. (AC +3)
You are immune to poison.
You resist negative energy. (rN+)
You are resistant to electric shocks. (rElec)
You can survive without breathing.
You are immune to petrification.
You are immune to miasma.


Message History

You see here a long sword.
You now have 51 gold pieces (gained 15).
a - 4 scrolls labelled XOTID SUUHAHYA (gained 1)
You open the door.
Sigmund the Dreaded comes into view.
He is wielding a +2 scythe of venom.
Found 14 gold pieces.
Sigmund shouts!
Sigmund hits you from afar with a +2 scythe of venom.
Sigmund closely misses you. Sigmund casts a spell at you.
The puff of flame hits you.
Okay, then.
Sigmund points at himself and mumbles some strange words.
Sigmund flickers and vanishes!
Deactivating autopickup; reactivate with Ctrl-A.
You are confused.
A puff of flame appears from out of thin air!
The puff of flame hits you!
Ouch! That really hurt!
You die...

#..........# ####..#.####
.....#{# .......#.# ########.#
#.# ################.##########
.........)....##..........#
.#####..#####.##@.#..####.#### .#
#..# #.##.###......##.##
.#####..#####.....#....#..#.#.##
.##........................###.##
........#####...........#.## ##.#
........#####.##...........###.##
###...#.......##....#######.#.##
# ##..##########..÷.# ##.## #
#..# ##'#### #.#


There were no monsters in sight!

Vanquished Creatures
  A gnoll (D:1)
  An adder zombie (D:2)
  3 dart slugs
  2 leopard geckos (D:1)
  A ball python (D:2)
  4 bats
  A giant cockroach (D:2)
  3 goblins (D:1)
  6 hobgoblins
  2 kobolds (D:1)
  2 frilled lizards (D:1)
26 creatures vanquished.

Notes
Turn   | Place    | Note
-------+----------+-------------------------------------------
     0 | D:1      | mkm the Gargoyle Earth Elementalist began the quest for the
                  | Orb.
     0 | D:1      | Reached XP level 1. HP: 10/10 MP: 3/3
   135 | D:1      | Reached skill level 1 in Transmutations
   324 | D:1      | Reached XP level 2. HP: 15/15 MP: 5/5
   399 | D:1      | Reached skill level 4 in Earth Magic
   545 | D:1      | Reached XP level 3. HP: 19/19 MP: 4/6
   956 | D:1      | Learned a level 3 spell: Stone Arrow
  1360 | D:2      | Found a radiant altar of Vehumet.
  1402 | D:2      | Became a worshipper of Vehumet
  1741 | D:2      | Noticed Sigmund
  1761 | D:2      | Killed from afar by Sigmund

Illustrated notes

Levels and vault maps discovered:
D:1:      sevenhm_arrival_forest_fort_large_2, layout_basic
D:2:      layout_loops_corners, vehumet_crystals, nicolae_gozag_seed_capital,
          uniq_terence, uniq_sigmund

Skill      XL: |  1  2 |
---------------+-------+-----
Transmutations | 1 |  1.6
Earth Magic    | 4 |  4.3
Dodging        | |  1.5
Stealth        | |  2.1
Spellcasting   | |  2.6
Conjurations   | |  0.4

Action                   || total
-------------------------++-------
Melee: Short sword       ||    33
 Cast: Sandblast         ||    39
Armor: Robe              ||    16
Dodge: Dodged            ||    21

Table legend: (Time is in decaauts)
 A = Elapsed time spent in this place.
 B = Non-inter-level travel time spent in this place.
 C = Inter-level travel time spent in this place.
 D = Time resting spent in this place.
 E = Time spent auto-exploring this place.
 F = Levels seen in this place.
 G = Mean time per level.
                   A        B        C        D        E       F      G
               +--------+--------+--------+--------+--------+-----+--------+
         Total |   1763 |   1725 |     38 |      0 |   1403 |   2 |  881.5 |
       Dungeon |   1763 |   1725 |     38 |      0 |   1403 |   2 |  881.5 |
               +--------+--------+--------+--------+--------+-----+--------+

Top non-repeatable levels by time:
     D:1: 1324 daAuts
     D:2: 439 daAuts
